 Dungeon Crawl Stone Soup version 0.17-a0-2127-g1cb09f6 (webtiles) character file.

342 brucemayne the Skirmisher (level 6, 0/50 HPs)
             Began as a Demonspawn Assassin on Oct 22, 2015.
             Slain by an ogre
             ... wielding a +0 giant spiked club
              (29 damage)
             ... on level 4 of the Dungeon.
             The game lasted 00:06:21 (1313 turns).

brucemayne the Skirmisher (Demonspawn Assassin)     Turns: 1313, Time: 00:06:21

Health: 0/50       AC:  4    Str: 14    XL:     6   Next: 30%
Magic:  6/6        EV: 11    Int: 12    God:
Gold:   39         SH:  0    Dex: 14    Spells: 0 memorised, 5 levels left

rFire  . . .     SeeInvis .     a - +2 dagger
rCold  . . .     Clarity  .     c - +0 robe
rNeg   . . .     SustAt   .     (no shield)
rPois  .         Gourm    .     (no helmet)
rElec  .         Spirit   .     d - +0 cloak
rCorr  .         Warding  .     (no gloves)
rMut   +         Stasis   .     (no boots)
MR     .....                    i - amulet of resist mutation
Stlth  ++........               (no ring)
                                (no ring)

@: not resistant to hostile enchantments, unstealthy
A: hooves 1, molten scales 1, demonic guardian 1
a: no special abilities


You were on level 4 of the Dungeon.
You were not hungry.

You visited 1 branch of the dungeon, and saw 5 of its levels.

You collected 39 gold pieces.

Inventory:

Hand Weapons
 a - a +2 dagger (weapon)
 b - a +0 blowgun
Missiles
 e - 11 poisoned needles
 f - a curare-tipped needle
Armour
 c - a +0 robe (worn)
 d - a +0 cloak (worn)
 j - a +0 ring mail
 o - a +0 leather armour
 t - a +0 chain mail
Jewellery
 i - an amulet of resist mutation (around neck)
Scrolls
 h - 2 scrolls of remove curse {unknown}
 k - 3 scrolls of identify {unknown}
 m - a scroll of amnesia {unknown}
 n - a scroll of teleportation {unknown}
 q - a scroll of enchant armour {unknown}
Potions
 l - a potion of cancellation {unknown}
Books
 r - a book of Transfigurations

   Spells                             Type                      Level
   a - Stoneskin                      Transmutation/Earth          2
   b - Irradiate                      Conjuration/Transmutation    5
   c - Statue Form                    Transmutation/Earth          6
   d - Hydra Form                     Transmutation                6
   e - Dragon Form                    Transmutation                7
 s - a book of Enchantments

   Spells                             Type                      Level
   a - Cause Fear                     Hexes                        4
   b - Silence                        Hexes/Air                    5
   c - Deflect Missiles               Charms/Air                   6
   d - Haste                          Charms                       6
   e - Discord                        Hexes                        8
Comestibles
 g - a bread ration


   Skills:
 + Level 4.8 Fighting
 - Level 1.7 Short Blades
 - Level 1.7 Throwing
 + Level 4.0 Armour
 - Level 0.8 Dodging
 - Level 3.6 Stealth


You had 5 spell levels left.
You didn't know any spells.

Dungeon Overview and Level Annotations

Branches:
Dungeon (5/15)
 Temple: D:4-7

Altars:
Yredelemnul

Annotations:
D:3 Reofec's ghost, amateur GrGl
D:5 2 runed doors


Innate Abilities, Weirdness & Mutations

You have large cloven feet.
You are partially covered in molten scales (AC +1).
A weak demonic guardian rushes to your aid.


Message History

k - 3 scrolls labeled JYEBLU CAN NUO (gained 1)
e - 7 poisoned needles (gained 1)
e - 8 poisoned needles (gained 1)
e - 11 poisoned needles (gained 3);
f - a curare-tipped needle You swap places.
Your white imp disappears in a puff of smoke!
Found a leather armour.
There is a stone staircase leading up here.
You climb upwards.
An adder and an ogre come into view.
Found 15 arrows and a chain mail.
There is a stone staircase leading down here.
Wield which item (- for none, * to show all)? (? for menu, Esc to quit)
a - a +2 dagger (weapon)
The helpless ogre fails to defend itself.
You impale the ogre!!
The ogre is severely wounded.
The ogre hits you with a giant spiked club!!
Ouch! That really hurt!
You die...

#. .#.#
#.###.#.
###.......
.......[
....#.#
#####....#
......O.S#
#..@.# #
##.#># ##
#.#....#
...#
#.####.#
##.# #. #
.#.# #.
...# #.
.#.# #.
#..#


You could see an ogre and an adder (sleeping).

Vanquished Creatures
  Prince Ribbit (D:5)
  Ijyb (D:2)
  An orc wizard (D:4)
  2 adders (D:2)
  A shadow imp (D:5)
  2 giant geckos
  6 orcs
  A giant cockroach (D:2)
  2 goblins
  2 hobgoblins (D:2)
  7 jackals (D:2)
  A bat (D:2)
  A giant newt (D:2)
  A quokka (D:2)
  2 rats (D:2)
31 creatures vanquished.

Vanquished Creatures (collateral kills)
  2 hounds (D:5)
  An orc (D:3)
3 creatures vanquished.

Grand Total: 34 creatures vanquished

Notes
Turn   | Place    | Note
--------------------------------------------------------------
     0 | D:1      | brucemayne the Demonspawn Assassin began the quest for the Orb.
     0 | D:1      | Reached XP level 1. HP: 16/16 MP: 1/1
    80 | D:2      | Found a faded altar to an unknown god.
   136 | D:2      | Gained mutation: A weak demonic guardian rushes to your aid. [demonic ancestry]
   136 | D:2      | Reached XP level 2. HP: 17/23 MP: 2/2
   138 | D:2      | Reached skill level 1 in Armour
   176 | D:3      | Noticed Reofec's ghost (amateur GrGl)
   280 | D:3      | Found a basalt altar of Yredelemnul.
   383 | D:2      | Noticed Ijyb
   402 | D:2      | Killed Ijyb
   402 | D:2      | Gained mutation: You have large cloven feet. [demonic ancestry]
   402 | D:2      | Reached XP level 3. HP: 8/29 MP: 3/3
   879 | D:4      | Reached XP level 4. HP: 35/35 MP: 4/4
   944 | D:4      | Noticed a phantom
   966 | D:5      | Entered Level 5 of the Dungeon
   966 | D:5      | Found a large runed door.
   966 | D:5      | Found a large runed door.
   966 | D:5      | Found a large runed door.
   966 | D:5      | Found a large runed door.
  1014 | D:5      | Reached XP level 5. HP: 14/42 MP: 5/5
  1146 | D:5      | HP: 2/42 [shadow imp/nerve-wracking pain (7)]
  1148 | D:5      | Reached skill level 4 in Fighting
  1262 | D:5      | Noticed Prince Ribbit
  1277 | D:5      | Killed Prince Ribbit
  1277 | D:5      | Gained mutation: You are partially covered in molten scales (AC +1). [demonic ancestry]
  1277 | D:5      | Reached XP level 6. HP: 23/50 MP: 6/6
  1310 | D:4      | Noticed an ogre
  1313 | D:4      | Slain by an ogre

Vault maps used:
D:1:      lightli_arrival_statue_moat
D:2:      first_bread, ecumenical_altar_2, uniq_iyjb
D:3:      yredelemnul_altar_generic, serial_corexii_hall,
          corexii_hall_statues_x, corexii_hall_statues_l
D:4:      serial_shops, shop, uniq_duvessa
D:5:      minmay_hollow_rounded_squares, uniq_edmund, uniq_prince_ribbit1,
          uniq_crazy_yiuf_cottage

Action                   |  1- 3 |  4- 6 || total
-------------------------+-------+-------++-------
Melee: Dagger            |    61 |    28 ||    89
 Fire: Blowgun           |    17 |    19 ||    36
 Stab: Sleeping          |     7 |     3 ||    10
  Eat: Bread ration      |       |     1 ||     1
